 Dungeon Crawl Stone Soup version 0.29.0-13-gc9e81de378 (webtiles) character file.

Game seed: 9957371445392015439

1696 SensoryNuts the Carver (level 8, -1/61 HPs)
             Began as a Demonspawn Fighter on Sept 8, 2022.
             Slain by a phantom (5 damage)
             ... on level 7 of the Dungeon.
             The game lasted 00:06:21 (8547 turns).

SensoryNuts the Carver (Demonspawn Fighter)         Turns: 8547, Time: 00:06:22

Health: -1/61      AC:  1    Str: 18    XL:     8   Next: 72%
Magic:  8/8        EV: 14    Int:  9    God:
Gold:   1505       SH:  9    Dex: 14    Spells: 7/7 levels left

rFire   . . .      SeeInvis .   a - +0 long sword
rCold   . . .      Faith    .   c - +0 buckler
rNeg    . . .      Spirit   .   b - +0 scale mail
rPois   .          Reflect  .   (no helmet)
rElec   .          Harm     .   (no cloak)
rCorr   .          Rampage  .   (no gloves)
Will    .....                   (no boots)
Stlth   ..........              (no amulet)
HPRegen 0.20/turn               e - +4 ring of evasion
MPRegen 0.11/turn               (no ring)

@: mighty, corroded
A: molten scales 1, icemail 1, condensation shield
a: no special abilities


You were on level 7 of the Dungeon.
You visited 2 branches of the dungeon, and saw 8 of its levels.
You also visited: Sewer.

You collected 1505 gold pieces.

Inventory:

Hand Weapons
 a - a +0 long sword (weapon)
Missiles
 h - a throwing net (quivered)
Armour
 b - a +0 scale mail (worn)
 c - a +0 buckler (worn)
Jewellery
 e - a +4 ring of evasion (left hand)
 t - a ring of wizardry
 u - a ring of positive energy
 v - a +6 ring of intelligence
Wands
 s - a wand of flame (25)
 w - a wand of paralysis (13)
Scrolls
 g - 5 scrolls of teleportation
 x - a scroll of identify
Potions
 d - a potion of resistance
 f - a potion of curing
 i - a potion of ambrosia {unknown}
 k - 4 potions of attraction {unknown}
 l - a potion of degeneration {unknown}
 m - 2 potions of heal wounds {unknown}
 n - a potion of brilliance {unknown}
 o - a potion of invisibility {unknown}
 p - a potion of lignification {unknown}
 q - a potion of haste
 r - a potion of mutation {unknown}


   Skills:
 + Level 4.4 Fighting
 * Level 8.0 Long Blades
 + Level 4.6 Armour
 + Level 2.2 Dodging
 + Level 0.5 Stealth
 + Level 4.4 Shields


You had 7 spell levels left.
You didn't know any spells.
Your spell library was empty.

Dungeon Overview and Level Annotations

Branches:
Dungeon (7/15)             Temple (1/1) D:5           Sewer (visited)

Altars:
Ashenzari
Cheibriados
Dithmenos
Fedhas
Gozag
Hepliaklqana
Kikubaaqudgha
Makhleb
Nemelex Xobeh
Okawaru
Qazlal
Ru
Sif Muna
Trog
Uskayaw
Vehumet
Wu Jian
Xom
Yredelemnul


Innate Abilities, Weirdness & Mutations

You are partially covered in molten scales. (AC +2)
A meltable icy envelope protects you from harm. (AC +4)
A meltable shield of frost defends you. (SH +4)


Message History

The phantom is moderately damaged.
You block the phantom's attack. The orc hits you with a +0 club.
You hit the phantom but do no damage.
The phantom is moderately damaged.
The phantom hits you.
* * * LOW HITPOINT WARNING * * *
You block the orc's attack.
You hit the phantom but do no damage.
The phantom is moderately damaged.
You block the phantom's attack. You block the orc's attack.
You barely miss the orc.
You hear the slow hiss of an avalanche of sand nearby.
You block the phantom's attack. The orc hits you with a +0 club.
* * * LOW HITPOINT WARNING * * *
You closely miss the orc. The phantom hits you.
* * * LOW HITPOINT WARNING * * *
The orc barely misses you.
You slash the orc!
You kill the orc!
The phantom hits you.
* * * LOW HITPOINT WARNING * * *
You see here a +0 club.
You feel better. The phantom hits you!
* * * LOW HITPOINT WARNING * * *
You feel very mighty all of a sudden. The phantom closely misses you.
You hit the phantom.
The phantom is moderately damaged.
You block the phantom's attack.
You closely miss the phantom.
The phantom is moderately damaged.
The phantom misses you.
You closely miss the phantom.
The phantom is moderately damaged.
The phantom hits you.
* * * LOW HITPOINT WARNING * * *
You barely miss the phantom.
The phantom is moderately damaged.
The phantom hits you.
You die...

#.... #.... #^#...
#.#..# #.#..#
#.#..# ###########
#.#..# #..........
#.#..# #.#########
#####.#@.# #.#
#......W.# #.#
#.###.#.######.####
#.###.#...........#
#.......###._.###.#
#######...#...#...#
.....<#.#.##.##.#.#
######..#.......#.#
........####.####.#


You could see a phantom.

Vanquished Creatures
  Eustachio (D:5)
  Menkaure (D:5)
  An ice beast (D:5)
  A sky beast (D:6)
  A black bear (D:5)
  An ogre (D:5)
  Blork the orc (D:4)
  A necrophage (D:6)
  A gnoll sergeant (D:6)
  3 scorpions
  4 jellies
  2 orc priests
  2 hounds (D:6)
  2 iguanas (D:4)
  Ijyb (D:4)
  12 adders
  8 gnolls
  5 river rats (Sewer)
  An ufetubus (D:4)
  2 worms (D:2)
  4 dart slugs
  20 orcs
  9 ball pythons
  3 bats
  5 endoplasms
  6 giant cockroaches
  13 goblins
  4 hobgoblins
  15 jackals
  11 quokkas
  8 frilled lizards
  7 kobolds
  13 rats
169 creatures vanquished.

Notes
Turn   | Place    | Note
-------+----------+-------------------------------------------
     0 | D:1      | SensoryNuts the Demonspawn Fighter began the quest for the
                  | Orb.
     0 | D:1      | Reached XP level 1. HP: 18/18 MP: 1/1
   193 | D:1      | Reached skill level 2 in Long Blades
   202 | D:1      | Gained mutation: A meltable shield of frost defends you.
                  | (SH +4) [demonic ancestry]
   202 | D:1      | Reached XP level 2. HP: 14/24 MP: 2/2
   747 | D:1      | Reached XP level 3. HP: 8/29 MP: 3/3
  1889 | D:2      | Reached skill level 3 in Long Blades
  1889 | D:2      | Gained mutation: You are partially covered in molten
                  | scales. (AC +2) [demonic ancestry]
  1889 | D:2      | Reached XP level 4. HP: 18/35 MP: 4/4
  3151 | D:3      | Reached XP level 5. HP: 40/41 MP: 5/5
  3156 | D:3      | Found a glowing drain.
  3177 | Sewer    | Entered a sewer
  3276 | Sewer    | Reached skill level 1 in Dodging
  3409 | Sewer    | Reached skill level 4 in Long Blades
  3805 | D:3      | You fall into a shaft and drop 3 floors!
  3807 | D:6      | Noticed a black bear
  3819 | D:5      | Entered Level 5 of the Dungeon
  3830 | D:5      | Reached XP level 6. HP: 47/47 MP: 6/6
  3929 | D:4      | Noticed Blork the orc
  3941 | D:4      | Killed Blork the orc
  5021 | D:4      | Reached skill level 5 in Long Blades
  5141 | D:4      | Gained mutation: A meltable icy envelope protects you from
                  | harm. (AC +4) [demonic ancestry]
  5141 | D:4      | Reached XP level 7. HP: 53/53 MP: 7/7
  5214 | D:4      | Noticed Ijyb
  5235 | D:4      | Killed Ijyb
  5864 | D:5      | Noticed Eustachio
  5888 | D:5      | Killed Eustachio
  5889 | D:5      | Reached skill level 6 in Long Blades
  6107 | D:5      | Noticed Menkaure
  6116 | D:5      | Killed Menkaure
  6117 | D:5      | Reached XP level 8. HP: 23/60 MP: 8/8
  6327 | D:5      | Found a staircase to the Ecumenical Temple.
  6437 | Temple   | Entered the Ecumenical Temple
  6992 | D:5      | HP: 1/60 [ogre/+0 giant spiked club (12)]
  6996 | D:5      | Reached skill level 7 in Long Blades
  7407 | D:5      | Identified a scroll of acquirement
  7407 | D:5      | Acquired 999 gold pieces
  8337 | D:6      | Reached skill level 8 in Long Blades
  8457 | D:7      | Found an iron altar of Okawaru.
  8464 | D:7      | Found a blossoming altar of Fedhas.
  8547 | D:7      | Slain by a phantom

Illustrated notes

Levels and vault maps discovered:
D:1:      dpeg_cavernosity, layout_basic, st_stairs_5
D:2:      layout_rooms, feat_on_display
D:3:      layout_loops_ring, portal_sewer_entry_f, chequers_mini_garden
D:4:      kennysheep_goblin_castle, layout_rooms, uniq_blork_the_orc
D:5:      layout_basic, minmay_temple_entry_junction, uniq_eustachio,
          uniq_menkaure
D:6:      layout_gridville, nicolae_concentric_dashed_squares_wild
D:7:      layout_basic, mainiacjoe_overflow_large_starburst,
          nicolae_ossuary_entry_ruins
Temple:   mainiacjoe_temple_big_plus

Skill      XL: |  1  2  3  4  5  6  7  8 |
---------------+-------------------------+-----
Long Blades    | 2 3 4 5 6 8 |  8.0
Shields        | 3 4 |  4.4
Armour         | 3 4 |  4.6
Dodging        | 1 2 |  2.2
Fighting       | 4 |  4.4
Stealth        | |  0.5

Action                   |  1- 3 |  4- 6 |  7- 9 || total
-------------------------+-------+-------+-------++-------
Melee: Long sword        |   152 |   313 |   278 ||   743
  Use: Scroll            |       |     9 |     2 ||    11
       Potion            |       |     1 |     7 ||     8
Armor: Scale mail        |    73 |   114 |   112 ||   299
Dodge: Dodged            |    78 |   128 |   196 ||   402
Block: Buckler           |    93 |   154 |   147 ||   394
